Map: Shrines of Lizul

Players

MonstroTown

  • Race: Terran Terran
  • Spawn Location: 6:00

Michael

  • Race: Zerg Zerg
  • Spawn Location: 9:00

FredLeLoup - Winner!

  • Race: Terran Terran
  • Spawn Location: 3:00

Ericleloup - Winner!

  • Race: Terran Terran
  • Spawn Location: 12:00

VOD

Have the link to the VOD?

Description

Time

  • Played on: Aug. 25, 2018, 4:26 p.m.
  • Length: 5:24
Show
View Real Time Build Order
Export as new Build Order

MonstroTown Terran 

Build Orders:  

Get SALT Encoding   

  12  0:01  SCV  
  13  0:13  SCV  
  14  0:18  Supply Depot  
  14  0:25  SCV  
  15  0:40  SCV  
  15  0:41  Barracks  
  16  0:45  Refinery  
  16  0:52  SCV  
  17  1:04  SCV  
  18  1:13  Barracks  
  18  1:16  SCV  
  19  1:28  Reaper  
  19  1:30  Orbital Command  
  20  1:42  Supply Depot  
  20  1:52  Refinery  
  20  2:01  Barracks Reactor  
  20  2:03  Barracks Tech Lab  
  20  2:07  SCV  
  21  2:14  Barracks  
  20  2:25  SCV  
  20  2:30  Factory  
  20  2:34  Marine  
  21  2:37  SCV  
  21  2:39  Marine  
  21  2:40  Marine  
  23  2:52  Marine  
  23  2:56  Marine  
  23  2:57  Marine  
  25  3:09  SCV, Marine  
  27  3:13  Supply Depot  
  27  3:14  Marine  
  27  3:16  Stimpack  
  27  3:19  Marine  
  29  3:21  SCV  
  29  3:25  Barracks Reactor  
  30  3:29  Engineering Bay  
  30  3:34  Factory Tech Lab  
  30  3:36  Marine  
  31  3:44  Starport  
  31  3:48  Marine  
  32  3:54  Marauder  
  34  3:57  Marine  
  35  4:05  Marine  
  36  4:15  Siege Tank  
  39  4:19  Marine  
  40  4:26  Medivac  
  35  4:43  Marine  
  35  4:44  Marine x4  
  28  5:04  Marine x2  
Show
View Real Time Build Order
Export as new Build Order

Michael Zerg 

Build Orders: Hatch First 

Get SALT Encoding   

  12  0:01  Drone  
  13  0:16  Overlord  
  13  0:18  Drone  
  14  0:34  Drone x2  
  16  0:38  Drone  
  17  0:54  Hatchery  
  16  0:57  Drone  
  16  1:00  Drone  
  16  1:04  Extractor  
  17  1:17  Spawning Pool  
  16  1:20  Drone  
  16  1:23  Drone  
  18  1:31  Drone  
  19  1:42  Drone  
  20  1:52  Overlord  
  20  2:06  Queen x2  
  24  2:10  Metabolic Boost  
  24  2:28  Drone  
  24  2:29  Drone x5  
  30  2:42  Spine Crawler  
  29  2:49  Zergling x4  
  31  2:58  Queen  
  31  2:59  Drone  
  31  3:00  Drone  
  31  3:01  Drone  
  31  3:04  Overlord  
  36  3:14  Roach Warren  
  35  3:20  Lair  
  35  3:27  Drone x3  
  35  3:29  Drone  
  35  3:32  Drone  
  35  3:33  Drone  
  41  3:37  Extractor  
  40  3:41  Drone  
  40  3:46  Drone x2  
  40  3:47  Drone  
  44  4:00  Evolution Chamber  
  43  4:08  Hatchery, Drone  
  43  4:09  Drone  
  44  4:10  Overlord  
  44  4:11  Overlord  
  44  4:16  Extractor  
  43  4:17  Extractor  
  43  4:20  Zergling x2  
  43  4:33  Roach x6  
  55  4:40  Roach  
  55  4:41  Roach x2  
  59  4:57  Zergling x2  
  60  5:00  Overlord x3  
Show
View Real Time Build Order
Export as new Build Order

FredLeLoup Terran - Winner!

Build Orders: Liberator Opening 

Get SALT Encoding   

  12  0:03  SCV  
  13  0:15  SCV  
  13  0:21  Supply Depot  
  14  0:28  Refinery  
  14  0:29  SCV  
  15  0:44  SCV  
  15  0:49  Barracks  
  16  1:01  SCV  
  16  1:02  Supply Depot  
  17  1:13  SCV, Refinery  
  18  1:29  SCV  
  19  1:39  Reaper  
  20  1:47  Factory  
  20  1:48  Orbital Command  
  20  2:15  Barracks Reactor  
  20  2:28  SCV  
  21  2:37  Supply Depot  
  21  2:57  SCV  
  22  3:05  Cyclone x2  
  28  3:06  Marine  
  28  3:09  SCV  
  28  3:12  Supply Depot  
  30  3:21  SCV, Starport  
  31  3:37  Cyclone  
  31  3:41  Cyclone  
  37  3:51  Liberator  
  37  3:55  Marine  
  38  4:06  Engineering Bay  
  41  4:15  Hellion  
  41  4:17  Hellion  
  41  4:45  Hellion x2  
Show
View Real Time Build Order
Export as new Build Order

Ericleloup Terran - Winner!

Build Orders:  

Get SALT Encoding   

  12  0:01  SCV  
  13  0:18  Supply Depot  
  14  0:21  SCV  
  14  0:27  Refinery  
  14  0:44  Barracks  
  14  0:52  SCV  
  15  1:05  SCV  
  15  1:11  Refinery  
  16  1:31  Marine  
  17  1:41  Factory  
  17  1:43  SCV  
  18  2:17  Barracks Reactor  
  18  2:19  SCV  
  19  2:42  Widow Mine  
  21  3:00  Orbital Command  
  21  3:17  Supply Depot  
  21  3:39  Cyclone x2  
  27  3:42  SCV  
  28  3:50  Marine  
  29  4:11  Cyclone x2  
  35  4:43  Cyclone  
Tags
 
Add a new tag
Caveats
  • Supply blocks, unpowered buildings, or Contaminate may cause inaccurate times.
  • Supply counts are checked every 10 seconds.